 Dungeon Crawl Stone Soup version 0.31-a0-354-g827e0957a7 (webtiles) character file.

Game seed: 12484992809975146672

8400 coffeetime the Grappler (level 11, -5/115 HPs)
             Began as a Troll Shapeshifter on July 24, 2023.
             Was an Initiate of Gozag.
             Slain by a red ugly thing (11 damage)
             ... on level 9 of the Dungeon.
             The game lasted 00:20:47 (6588 turns).

coffeetime the Grappler (Troll Shapeshifter)        Turns: 6588, Time: 00:20:47

Health: -5/115     AC:  6    Str: 33    XL:     11   Next: 9%
Magic:  10/10      EV: 13    Int:  6    God:    Gozag
Gold:   1465       SH:  2    Dex: 10    Spells: 10/10 levels left

rFire   + .          .
                       - Unarmed
rCold   + + .        (no shield)
rNeg    . . .        a - +0 animal skin
rPois   +            (helmet currently unavailable)
rElec   +            (cloak currently unavailable)
rCorr   +            (gloves unavailable)
SInv    .            (boots unavailable)
Will    .....        (no amulet)
Stlth   +            j - ring of the Octopus King {rC+ HP+2 AC+2 EV+2 SH+2}
HPRegen 1.19/turn    H - +6 ring of strength
MPRegen 0.12/turn

%: no passive effects
@: mighty, beast-form, resistant, hasted, very quick
A: beast (slay +2), large, unfitting armour, claws 3, regeneration 1, shaggy fur
1, tough skin 1
a: Begin Untransformation, Renounce Religion, Potion Petition, Call Merchant,
Bribe Branch


You were on level 9 of the Dungeon.
You worshipped Gozag.
Gozag was most pleased with you.
You were a hulking beast.
You visited 2 branches of the dungeon, and saw 10 of its levels.

You collected 2000 gold pieces.
You paid 535 gold pieces to Gozag.

Inventory:

Missiles
 d - 71 stones
 f - 15 large rocks (quivered)
 l - 4 javelins
 A - a throwing net
Armour
 a - a +0 animal skin (worn)
 n - an orb of energy
 y - a +0 cloak
Jewellery
 j - a ring of the Octopus King (left claw) {rC+ HP+2 AC+2 EV+2 SH+2}
   (You found it on level 2 of the Dungeon)

   [ring of protection from cold]

   AC:        It affects your AC (+2).
   EV:        It affects your evasion (+2).
   rC:        It protects you from cold.
   HP:        It affects your health (+2).
   SH:        It affects your SH (+2).
 q - a ring of ice
 H - a +6 ring of strength (right claw)
Talismans
 c - a beast talisman
Wands
 u - a wand of acid (14)
 z - a wand of flame (4)
 C - a wand of polymorph (7)
 I - a wand of mindburst (13)
 J - a wand of roots (14)
Scrolls
 g - 3 scrolls of immolation
 h - 5 scrolls of teleportation
 i - 2 scrolls of fog
 k - 3 scrolls of revelation
 m - a scroll of amnesia
 o - a scroll of vulnerability
 t - a scroll of enchant armour
 v - 2 scrolls of noise {unknown}
 D - 4 scrolls of brand weapon {unknown}
 E - a scroll of blinking {unknown}
 F - 2 scrolls of identify
Potions
 b - 3 potions of lignification
 e - 2 potions of attraction {unknown}
 p - 2 potions of brilliance
 r - a potion of curing
 s - 2 potions of enlightenment
 w - 3 potions of berserk rage
 x - a potion of mutation {unknown}
 B - a potion of degeneration {unknown}
 G - a potion of heal wounds {unknown}
 K - a potion of magic {unknown}


   Skills:
 + Level 8.6 Fighting
 + Level 4.6 Throwing
 - Level 7.0 Dodging
 + Level 10.5 Unarmed Combat
 - Level 3.0 Shapeshifting


You had 10 spell levels left.
You didn't know any spells.
Your spell library contained the following spells:

 Spells                   Type           Power      Damage    Failure   Level
 Apportation              Tloc           0%         N/A       45%         1
 Freeze                   Ice            0%         1d3       45%         1
 Necrotise                Necr           0%         1d4       45%         1
 Summon Small Mammal      Summ           0%         N/A       45%         1
 Cigotuvi's Dreadful Rot  Necr/Pois/Air  0%         N/A       58%         2
 Static Discharge         Conj/Air       0%         2-2/arc   58%         2
 Wereblood                Tmut           0%         N/A       58%         2
 Frozen Ramparts          Ice            0%         1d1       83%         3
 Hailstorm                Conj/Ice       0%         3d3       83%         3
 Ignite Poison            Fire/Tmut/Pois 0%         N/A       83%         3
 Inner Flame              Hex/Fire       0%         N/A       83%         3
 Airstrike                Air            0%         2d(0-16)  99%         4
 Summon Lightning Spire   Summ/Air       0%         N/A       99%         4
 Freezing Cloud           Conj/Ice/Air   0%         6-21      100%        5
 Irradiate                Conj/Tmut      0%         3d11      100%        5
 Yara's Violent Unravell  Hex/Tmut       0%         3d3       100%        5
 Enfeeble                 Hex            0%         N/A       100%        7


Dungeon Overview and Level Annotations

Branches:
Dungeon (9/15)             Temple (1/1) D:5
   Lair: D:8-11         Orc: D:9-12

Altars:
Ashenzari
Cheibriados
Dithmenos
Fedhas
Gozag
Hepliaklqana
Kikubaaqudgha
Nemelex Xobeh
Okawaru
Qazlal
Ru
Sif Muna
Trog
Uskayaw
Vehumet
Wu Jian
Xom
Yredelemnul
The Shining One

Annotations:
D:3 3 runed translucent doors, greasedhog's ghost, amateur GrHs


Innate Abilities, Weirdness & Mutations

You are a hulking beast.
Your limbs bulge with bestial killing power. (Slay +2)
You are too large for most types of armour.
You have claws for hands.
Your natural rate of healing is unusually fast.
You are covered in fur. (AC +1)
You have tough skin. (AC +1)


Message History

The large rock hits the red ugly thing!
The red ugly thing is lightly wounded.
You claw the red ugly thing!
The red ugly thing is lightly wounded.
The red ugly thing misses you.
You barely miss the red ugly thing.
The red ugly thing is lightly wounded.
The red ugly thing bites you!
You are engulfed in flames!
You closely miss the red ugly thing. You claw the red ugly thing!!
The red ugly thing is heavily wounded.
The red ugly thing bites you.
You are engulfed in flames!!
You claw the red ugly thing!
The red ugly thing is almost dead.
You scratch the red ugly thing but do no damage.
The red ugly thing is almost dead.
The red ugly thing barely misses you.
You completely miss the red ugly thing.
The red ugly thing is almost dead.
The red ugly thing bites you!
You are engulfed in flames!!
You are too injured to fight recklessly!
Okay, then.
Okay, then.
Okay, then.
You closely miss the red ugly thing. Your claw misses the red ugly thing.
The red ugly thing is almost dead.
The red ugly thing bites you!
You are engulfed in flames!!
* * * LOW HITPOINT WARNING * * *
Okay, then. [a] - 392 gold - resistance and might [b] - 480 gold - resistance, might and haste [c] - 378 gold - haste and brilliance Purchase which effect?
You feel protected.
You feel very mighty all of a sudden.
You feel yourself speed up.
The red ugly thing basks in the mutagenic energy from its kin and changes!
The red ugly thing bites you!
* * * LOW HITPOINT WARNING * * *
You are engulfed in flames!
You resist.
You die...
Your body crumbles into a pile of gold.

.§.Y.Y.§#............
.Y......#..<.........
###.....#............
#.....#(....>......
#..................
#........###.)##...
...u...### #..##).#
#.##u##.# ##......
##h#.## #......
##..##.## ###l....
#.#.....# ###.......
###.#.#####...#.....
#.....#.#...##......
##.##..##.####..####
##.#.##### #..# #
##)## #.## ## #..##
##.####.


You could see 2 ugly things.

Vanquished Creatures
  A deep elf pyromancer (D:7)
  2 cyclopes (D:7)
  An efreet (D:9)
  An unseen horror (D:7)
  Psyche (D:9)
  A troll (D:7)
  A slime creature (D:7)
  A wraith (D:7)
  9 yaks (D:9)
  4 steam dragons
  A basilisk (D:9)
  4 water moccasins
  2 black bears
  3 ice beasts
  A sky beast (D:7)
  An orc warrior (D:8)
  An ogre (D:5)
  3 centaurs
  A phantom (D:4)
  2 kobold brigands
  A gnoll sergeant (D:6)
  5 bullfrogs
  A scorpion (D:4)
  10 wights (D:9)
  5 howler monkeys
  A vampire bat (D:6)
  6 hounds
  4 jellies
  4 sleepcaps
  Jessica (D:2)
  10 iguanas
  7 orc wizards
  Ijyb (D:5)
  Robin (D:5)
  3 gnolls (D:6)
  6 adders
  A shadow imp (D:6)
  4 white imps
  4 ufetubi
  A worm (D:2)
  23 orcs
  8 ball pythons
  7 endoplasms
  3 giant cockroaches
  9 goblins
  5 hobgoblins
  3 quokkas
  11 bats
  A frilled lizard (D:2)
  9 kobolds
  8 rats
204 creatures vanquished.

Vanquished Creatures (others)
  A steam dragon (D:6)
1 creature vanquished.

Grand Total: 205 creatures vanquished

Notes
Turn   | Place    | Note
-------+----------+-------------------------------------------
     0 | D:1      | coffeetime the Troll Shapeshifter began the quest for the
                  | Orb.
     0 | D:1      | Reached XP level 1. HP: 18/18 MP: 0/0
   175 | D:1      | Reached skill level 1 in Fighting
   472 | D:2      | Found an opulent altar of Gozag.
   521 | D:2      | Reached XP level 2. HP: 27/27 MP: 1/1
   632 | D:2      | Reached XP level 3. HP: 33/33 MP: 2/2
   776 | D:2      | Noticed Jessica
   785 | D:2      | Killed Jessica
   786 | D:2      | Reached XP level 4. HP: 39/42 MP: 3/3
   811 | D:2      | Found the ring of the Octopus King
   817 | D:2      | Identified a ring of the Octopus King {rC+ HP+2 AC+2 EV+2
                  | SH+2}
   865 | D:2      | Found a faded altar of an unknown god.
   899 | D:2      | You fall into a shaft and drop 1 floor!
  1284 | D:3      | Found a runed translucent gate.
  1284 | D:3      | Found a runed translucent gate.
  1285 | D:3      | Found a runed translucent gate.
  1286 | D:3      | Noticed greasedhog's ghost (amateur GrHs)
  1458 | D:3      | Identified the +0 chain mail "Miroz" {rF- Will+ Stlth+}
  1665 | D:2      | Became a worshipper of Gozag Ym Sagoz the Greedy
  1733 | D:4      | Reached skill level 4 in Unarmed Combat
  1780 | D:4      | Reached XP level 5. HP: 49/49 MP: 4/4
  1892 | D:4      | Found a snail-covered altar of Cheibriados.
  2033 | D:4      | Found a hazy altar of Hepliaklqana.
  2389 | D:5      | Entered Level 5 of the Dungeon
  2389 | D:5      | Noticed an ogre
  2436 | D:5      | Noticed a phantom
  2452 | D:4      | Killed a phantom
  2453 | D:4      | Reached XP level 6. HP: 58/61 MP: 5/5
  2491 | D:5      | Found a staircase to the Ecumenical Temple.
  2512 | D:5      | Noticed an ice beast
  2525 | D:5      | Killed an ice beast
  2526 | D:5      | Reached skill level 5 in Unarmed Combat
  2681 | D:5      | Reached XP level 7. HP: 67/67 MP: 6/6
  2712 | D:5      | Found an ornate altar of the Wu Jian Council.
  2950 | D:5      | Noticed Ijyb
  2958 | D:5      | Noticed Robin
  2969 | D:5      | Killed Ijyb
  2976 | D:5      | Killed Robin
  3303 | Temple   | Entered the Ecumenical Temple
  3513 | D:6      | Reached skill level 6 in Unarmed Combat
  3567 | D:6      | Reached XP level 8. HP: 54/79 MP: 7/7
  3817 | D:6      | Reached skill level 5 in Dodging
  3837 | D:6      | Reached skill level 5 in Fighting
  4209 | D:6      | Reached skill level 7 in Unarmed Combat
  4222 | D:6      | HP: 4/82 [steam dragon (2)]
  4617 | D:7      | Reached XP level 9. HP: 49/89 MP: 8/8
  4828 | D:7      | Killed an unseen horror
  4991 | D:7      | Noticed a cyclops
  4991 | D:7      | Noticed a deep elf pyromancer
  4991 | D:7      | Noticed a cyclops
  5006 | D:7      | Reached skill level 8 in Unarmed Combat
  5042 | D:7      | Noticed a troll
  5056 | D:7      | Killed a deep elf pyromancer
  5068 | D:7      | Killed a troll
  5145 | D:7      | Killed a cyclops
  5146 | D:7      | Reached skill level 9 in Unarmed Combat
  5146 | D:7      | Reached XP level 10. HP: 88/102 MP: 9/9
  5324 | D:7      | Killed a cyclops
  5325 | D:7      | Reached skill level 1 in Throwing
  5424 | D:7      | Found an iron altar of Okawaru.
  5983 | D:8      | Found a bloodstained altar of Trog.
  6034 | D:8      | Found an opulent altar of Gozag.
  6205 | D:9      | Reached skill level 10 in Unarmed Combat
  6377 | D:9      | Noticed Psyche
  6380 | D:9      | Killed Psyche
  6475 | D:9      | Reached XP level 11. HP: 67/113 MP: 10/10
  6577 | D:9      | Noticed a red ugly thing
  6578 | D:9      | Noticed a red ugly thing
  6588 | D:9      | Slain by a red ugly thing

Illustrated notes

Levels and vault maps discovered:
D:1:      dpeg_arrival_prison, layout_basic, chequers_decorated_corner
D:2:      minmay_recursive_quarters, layout_basic,
          ebering_ecumenical_altar_sacrificial, basic_altar, uniq_jessica
D:3:      layout_rooms, biasface_ghost_orc_armoury
D:4:      layout_loops_ring, cheibriados_altar_1, lemuel_tele_altar,
          minmay_liquid_box
D:5:      layout_gridville, mainiacjoe_overflow_paths,
          minmay_temple_entry_glass, nicolae_goblin_pals
D:6:      cheibrodos_steamvent, layout_basic, grunt_decor_one_mirror,
          roderic_batcave
D:7:      minmay_the_grid_four_pointed_star
          [minmay_the_grid_triangle_9x9_swiss_cheese,
          minmay_the_grid_triangle_9x9_semitri,
          minmay_the_grid_triangle_9x9_flanged_cone,
          minmay_the_grid_triangle_9x9_windchime,
          minmay_the_grid_prize_inner_circle], layout_rooms,
          lemuel_crystal_altar
D:8:      layout_cave_pools, trog_butcher_becter, lemuel_doored_altar,
          st_stairs_13, kennysheep_cluttered_room
D:9:      minmay_bloctagon_deflated, layout_rooms,
          grunt_temple_overflow_order_and_chaos_2, david_lair_shrubbed,
          serial_shops, nicolae_shop_peninsula,
          hangedman_abyss_or_decor_jellyfish_corner, uniq_psyche, uniq_erica
Temple:   cyrus_circular_temple

Skill      XL: |  1  2  3  4  5  6  7  8  9 10 |
---------------+-------------------------------+-----
Fighting       | 1 2 3 4 5 7 8 |  8.6
Dodging        | 2 3 4 5 7 |  7.0
Unarmed Combat | 4 5 6 7 9 10 | 10.5
Throwing       | 4 |  4.6
Shapeshifting  | |  3.0

Action                     |  1- 3 |  4- 6 |  7- 9 | 10-12 || total
---------------------------+-------+-------+-------+-------++-------
  Melee: Unarmed           |    54 |   129 |   239 |   132 ||   554
         Punch             |     2 |     2 |    14 |     8 ||    26
  Throw: Stone             |       |     2 |     5 |     1 ||     8
         Large rock        |       |       |       |     8 ||     8
 Invoke: Potion Petition   |       |       |       |     1 ||     1
    Use: Scroll            |       |     8 |     3 |       ||    11
   Stab: Sleeping          |     1 |     1 |       |       ||     2
         Distracted        |       |       |       |     1 ||     1
 Armour: Animal skin       |     7 |    47 |    81 |    29 ||   164
  Dodge: Dodged            |    21 |    71 |   138 |    51 ||   281
  Block: Other             |       |     8 |    19 |     8 ||    35

Table legend: (Time is in decaauts)
 A = Elapsed time spent in this place.
 B = Non-inter-level travel time spent in this place.
 C = Inter-level travel time spent in this place.
 D = Time resting spent in this place.
 E = Time spent auto-exploring this place.
 F = Levels seen in this place.
 G = Mean time per level.
                   A        B        C        D        E       F      G
               +--------+--------+--------+--------+--------+-----+--------+
         Total |   6552 |   6232 |    320 |    273 |   4453 |  10 |  655.2 |
       Dungeon |   6530 |   6230 |    300 |    273 |   4453 |   9 |  725.6 |
        Temple |     21 |      1 |     20 |      0 |      0 |   1 |   21.0 |
               +--------+--------+--------+--------+--------+-----+--------+

Top non-repeatable levels by time:
     D:6: 1110 daAuts
     D:7: 1006 daAuts
     D:5: 893 daAuts
     D:4: 756 daAuts
     D:2: 748 daAuts
     D:8: 653 daAuts
     D:3: 484 daAuts
     D:1: 470 daAuts
     D:9: 407 daAuts
  Temple: 21 daAuts
